 Dungeon Crawl Stone Soup version 0.29-a0-998-g1987434951 (webtiles) character file.

Game seed: 17807407836177882258

200 drpainis the Chopper (level 5, 0/47 HPs)
             Began as a Hill Orc Fighter on Aug 5, 2022.
             Was a Believer of Cheibriados.
             Slain by an orc priest
             ... wielding a +0 trident
              (6 damage)
             ... on level 3 of the Dungeon.
             The game lasted 00:04:46 (3342 turns).

drpainis the Chopper (Hill Orc Fighter)             Turns: 3342, Time: 00:04:47

Health: 0/47       AC:  9    Str: 27    XL:     5   Next: 78%
Magic:  1/5        EV:  9    Int: 14    God:    Cheibriados [**....]
Gold:   50         SH:  5    Dex: 16    Spells: 4/4 levels left

rFire   . . .      SeeInvis .   o - +2 short sword (venom)
rCold   . . .      Faith    .   c - +0 buckler
rNeg    . . .      Spirit   .   b - +0 scale mail
rPois   .          Reflect  .   m - +0 helmet
rElec   .          Harm     .   s - +0 cloak
rCorr   .          Rampage  .   (no gloves)
Will    +....                   (no boots)
Stlth   ..........              (no amulet)
HPRegen 0.15/turn               j - ring of willpower
MPRegen 0.09/turn               (no ring)

@: very slow
A: no striking features
a: Renounce Religion, Convert to Beogh, Bend Time


You were on level 3 of the Dungeon.
You worshipped Cheibriados.
Cheibriados was pleased with you.
You visited 1 branch of the dungeon, and saw 3 of its levels.

You collected 50 gold pieces.

Inventory:

Hand Weapons
 a - a +0 war axe
 o - a +2 short sword of venom (weapon)
Armour
 b - a +0 scale mail (worn)
 c - a +0 buckler (worn)
 m - a +0 helmet (worn)
 s - a +0 cloak (worn)
Jewellery
 j - a ring of willpower (left hand)
 l - a ring of see invisible
Wands
 d - a wand of iceblast (8)
 r - a wand of mindburst (16)
Scrolls
 h - 2 scrolls of noise {unknown}
 i - a scroll of enchant weapon {unknown}
 k - a scroll of enchant armour {unknown}
 n - a scroll of butterflies {unknown}
 q - a scroll of immolation {unknown}
Potions
 e - a potion of curing {unknown}
 f - 2 potions of attraction {unknown}
 g - a potion of flight {unknown}
 p - a potion of mutation {unknown}


   Skills:
 + Level 4.4 Fighting
 + Level 2.0 Short Blades
 + Level 4.5 Axes
 + Level 4.1 Armour
 + Level 0.3 Dodging
 + Level 0.3 Stealth
 + Level 4.0 Shields


You had 4 spell levels left.
You didn't know any spells.
Your spell library contained the following spells:

 Spells                   Type           Power      Damage    Failure   Level
 Apportation              Tloc           0%         N/A       63%         1
 Beastly Appendage        Tmut           0%         N/A       63%         1
 Necrotise                Necr           0%         1d4       63%         1
 Summon Small Mammal      Summ           0%         N/A       63%         1
 Wereblood                Tmut           0%         N/A       77%         2
 Spider Form              Tmut/Pois      0%         N/A       94%         3


Dungeon Overview and Level Annotations

Branches:
Dungeon (3/15)

Altars:
Cheibriados

Annotations:
D:3 Sigmund


Message History

The orc priest threatens, "By the altar or by the axe, you will meet Beogh!"
The orc priest misses you.
You hit the orc priest.
The orc priest looks as sick as possible!
The orc priest is moderately wounded.
Sigmund asks, "Do you like me?" You block Sigmund's attack.
The orc priest hits you with a +0 hand axe.
* * * LOW HITPOINT WARNING * * *
You kill the orc priest!
Cheibriados thoroughly appreciates the change of pace.
You can now warp the flow of time around you.
Sigmund gestures wildly while chanting.
Sigmund flickers and vanishes!
Deactivating autopickup; reactivate with Ctrl-A.
Your Short Blades skill increases to level 2!
You block the jackal's attack.
You hit the jackal.
The jackal is almost dead.
The jackal bites you.
* * * LOW HITPOINT WARNING * * *
You completely miss the jackal.
The jackal is almost dead.
The jackal bites you but does no damage.
The jackal barely misses you.
You puncture the jackal!
You kill the jackal!
Cheibriados thoroughly appreciates the change of pace.
You closely miss the orc. The orc hits you but does no damage.
You warp the flow of time around you!
You can no longer warp the flow of time around you.
You hit the orc priest.
The orc priest is poisoned.
The orc priest is moderately wounded.
The orc priest looks braver for a moment.
Something hits you.
* * * LOW HITPOINT WARNING * * *
You closely miss the orc priest.
The orc priest is moderately wounded.
The orc priest hits you with a +0 trident.
You die...

#[# #).. #.# .... .
#.# ... .. #.# ..# ..
#.# ..#.## #.# .....
#.#####..#.#
#####.#...)....#
#......@###....#
#.....oo# ....# #
#.......# .#[.# ##.
#.......# ....# ...#
#.......# .# ##
....#####.......# #.#
#......####<#.# #.###
#...........#.......#
..#.....##########.#.#


You could see an orc priest (very poisoned) and an orc.

Vanquished Creatures
  An orc priest (D:3)
  Crazy Yiuf (D:2)
  Jessica (D:2)
  Ijyb (D:3)
  2 adders
  2 worms (D:2)
  3 dart slugs
  7 ball pythons
  10 bats
  4 endoplasms
  A giant cockroach (D:1)
  5 hobgoblins
  A jackal (D:3)
  4 quokkas
  5 frilled lizards
  8 goblins
  3 kobolds
  6 rats
65 creatures vanquished.

Vanquished Creatures (others)
  A fungus (D:1)
1 creature vanquished.

Grand Total: 66 creatures vanquished

Notes
Turn   | Place    | Note
-------+----------+-------------------------------------------
     0 | D:1      | drpainis the Hill Orc Fighter began the quest for the Orb.
     0 | D:1      | Reached XP level 1. HP: 19/19 MP: 1/1
   154 | D:1      | Reached XP level 2. HP: 20/27 MP: 2/2
   700 | D:1      | Found a faded altar of an unknown god.
   862 | D:1      | Prayed at the altar of an unknown god.
   862 | D:1      | Became a worshipper of Cheibriados the Contemplative
   862 | D:1      | Reached * piety under Cheibriados
   911 | D:1      | Reached XP level 3. HP: 33/33 MP: 3/3
  1858 | D:2      | Reached ** piety under Cheibriados
  1954 | D:2      | Reached XP level 4. HP: 40/40 MP: 4/4
  1997 | D:2      | Noticed Jessica
  2002 | D:2      | Killed Jessica
  2452 | D:2      | Found a runed translucent door.
  2453 | D:2      | Noticed Crazy Yiuf
  2508 | D:2      | Killed Crazy Yiuf
  2509 | D:2      | Reached skill level 1 in Short Blades
  2509 | D:2      | Reached XP level 5. HP: 36/47 MP: 5/5
  3192 | D:3      | Noticed Ijyb
  3213 | D:3      | Killed Ijyb
  3331 | D:3      | Noticed Sigmund
  3335 | D:3      | Reached *** piety under Cheibriados
  3342 | D:3      | Slain by an orc priest

Illustrated notes

Levels and vault maps discovered:
D:1:      dpeg_arrival_subterranean_lakeside_camping, layout_loops_ring,
          shapermc_ecumenical_altar_ellora, st_stairs_8, roderic_roman_lattice,
          minmay_crystal_water
D:2:      layout_loops_cross, uniq_crazy_yiuf_cottage, uniq_jessica
D:3:      layout_basic, fedhas_altar_4, portal_sewer_entry_c,
          gammafunk_ghost_necromancy, uniq_sigmund, uniq_ijyb

Skill      XL: |  1  2  3  4  5 |
---------------+----------------+-----
Axes           | 3 4 |  4.5
Fighting       | 4 |  4.4
Short Blades   | 1 2 |  2.0
Shields        | 4 |  4.0
Armour         | 4 |  4.1
Dodging        | |  0.3
Stealth        | |  0.3

Action                   |  1- 3 |  4- 6 || total
-------------------------+-------+-------++-------
Melee: War axe           |    77 |       ||    77
       Short sword       |    30 |    73 ||   103
Invok: Temporal Distorti |       |     1 ||     1
  Use: Potion            |       |     1 ||     1
Armor: Scale mail        |    56 |    29 ||    85
Dodge: Dodged            |    44 |    34 ||    78
Block: Buckler           |    34 |    17 ||    51

Table legend: (Time is in decaauts)
 A = Elapsed time spent in this place.
 B = Non-inter-level travel time spent in this place.
 C = Inter-level travel time spent in this place.
 D = Time resting spent in this place.
 E = Time spent auto-exploring this place.
 F = Levels seen in this place.
 G = Mean time per level.
                   A        B        C        D        E       F      G
               +--------+--------+--------+--------+--------+-----+--------+
         Total |   4025 |   3899 |    126 |    788 |   2472 |   3 | 1341.7 |
       Dungeon |   4025 |   3899 |    126 |    788 |   2472 |   3 | 1341.7 |
               +--------+--------+--------+--------+--------+-----+--------+

Top non-repeatable levels by time:
     D:1: 2035 daAuts
     D:2: 1713 daAuts
     D:3: 276 daAuts
